 Dungeon Crawl Stone Soup version 0.29-a0-398-ge13fd1374b (webtiles) character file.

Game seed: 4275811678729748185

24 zeratav the Digger (level 3, -1/21 HPs)
             Began as an Octopode Earth Elementalist on May 12, 2022.
             Slain by Natasha (3 damage)
             ... on level 2 of the Dungeon.
             The game lasted 00:01:10 (801 turns).

zeratav the Digger (Octopode Earth Elementalist)     Turns: 801, Time: 00:01:11

Health: -1/21      AC:  1    Str:  7    XL:     3   Next: 2%
Magic:  5/6        EV: 13    Int: 19    God:
Gold:   83         SH:  0    Dex: 12    Spells: 5/6 levels left

rFire   . . .      SeeInvis .   d - +0 dagger {short}
rCold   . . .      Faith    .   (no shield)
rNeg    . . .      Spirit   .   (helmet restricted)
rPois   .          Reflect  .   (no amulet)
rElec   .          Harm     .   (no ring)
rCorr   .          Rampage  .   (no ring)
Will    .....                   (no ring)
Stlth   +++.......              (no ring)
HPRegen 0.07/turn               (no ring)
MPRegen 0.10/turn               (no ring)
                                (no ring)
                                (no ring)

@: no status effects
A: almost no armour, amphibious, 8 rings, camouflage 1, gelatinous body 1,
(nimble swimmer 1), tentacles
a: no special abilities


You were on level 2 of the Dungeon.
You visited 1 branch of the dungeon, and saw 2 of its levels.

You collected 83 gold pieces.


Innate Abilities, Weirdness & Mutations

You cannot wear most types of armour.
You are amphibious.
You can wear up to eight rings at the same time.
Your skin changes colour to match your surroundings (Stealth+).
Your rubbery body absorbs attacks. (AC +1, EV +1)
((You are camouflaged when in or above water. (Stealth+)))
You have tentacles for arms and can constrict up to eight enemies at once.


   Skills:
 - Level 2.0 Dodging
 - Level 2.6 Stealth
 + Level 2.4 Spellcasting
 - Level 1.0 Transmutations
 * Level 3.8 Earth Magic


You had 5 spell levels left.
You knew the following spells:

 Your Spells              Type           Power      Damage    Failure   Level
a - Sandblast             Erth           32%        2d9       3%          1

Your spell library contained the following spells:

 Spells                   Type           Power      Damage    Failure   Level
 Passwall                 Tmut/Erth      9%         N/A       9%          2
 Stone Arrow              Conj/Erth      18%        3d8       22%         3
 Petrify                  Tmut/Erth      11%        N/A       52%         4

Inventory:

Hand Weapons
 d - a +0 dagger (weapon) {short}
   (You took it off a kobold on level 1 of the Dungeon)
Missiles
 a - 48 stones {throwing}
Jewellery
 i - an amulet of guardian spirit
   (You found it on level 1 of the Dungeon)
Scrolls
 c - a scroll of fog {unknown}
 e - a scroll of noise {unknown}
 f - a scroll of identify {unknown}
 g - a scroll of blinking {unknown}
Potions
 b - a potion of magic
 h - 2 potions of degeneration {unknown}

Dungeon Overview and Level Annotations

Branches:
Dungeon (2/15)

Altars:

Shops:
D:2 !

Annotations:
D:2 Natasha

# #. # ###.. .∩#
..[...#####....#
#..<@h..∩.∩.
#.########## #


You could see Natasha.


Message History

Your hp is fully restored (17).
You now have 74 gold pieces (gained 14).
You now have 83 gold pieces (gained 9).
A ball python is nearby!
No target in view!
No target in view!
No target in view!
No target in view!
No target in view!
No target in view!
No target in view!
No target in view!
No target in view!
No target in view!
No target in view!
No target in view!
No target in view!
No target in view!
No target in view!
No target in view!
No target in view!
A dart slug comes into view.
A frilled lizard comes into view.
You miss the frilled lizard. You grab the frilled lizard.
You constrict the frilled lizard. The frilled lizard closely misses you.
You hit the frilled lizard.
You kill the frilled lizard!
The dart slug closely misses you.
You hit the dart slug. You grab the dart slug. You squeeze the dart slug.
You constrict the dart slug. You hit the dart slug but do no damage.
You constrict the dart slug. The dart slug misses you.
You hit the dart slug.
You kill the dart slug!
You have reached level 3!
Your experience leads to an increase in your attributes!
Increase (S)trength, (I)ntelligence, or (D)exterity?
You feel clever. x2
HP[+4] MP[+1]
You now have 21 max hp (+4).
Your hp is fully restored (21).
Your mp is fully restored (6).
Unknown command.
Done exploring.
Done exploring.
Done exploring.
(D) Dungeon
Where to? (? - help)
You see here a frilled lizard corpse.
There is a stone staircase leading down here.
You climb downwards.
Found a ring mail.
Found Veisevuzul's Distillery.
There is a stone staircase leading up here.
Natasha is nearby!
Natasha is nearby!
The blast of sand hits Natasha.
Natasha hisses angrily.
MP[-1]
You lost 1 mp, and now have 5/6 mp.
Natasha casts a spell at you. The magic dart hits you!
HP[-7]
You take 7 damage, and now have 14/21 hp.
MASSIVE DAMAGE!! (PAUSE)
You are too injured to fight recklessly!
You are too injured to fight recklessly!
You are too injured to fight recklessly!
You are too injured to fight recklessly!
You are too injured to fight recklessly!
You are too injured to fight recklessly!
You are too injured to fight recklessly!
You are too injured to fight recklessly!
You are too injured to fight recklessly!
You are too injured to fight recklessly!
You are too injured to fight recklessly!
You are too injured to fight recklessly!
You are too injured to fight recklessly!
You are too injured to fight recklessly!
You hit Natasha but do no damage. Your grab misses Natasha.
Your tentacle-slap misses Natasha.
Natasha barely misses you.
You barely miss Natasha. Your grab misses Natasha. You tentacle-slap Natasha.
Natasha closely misses you.
You hit Natasha. You grab Natasha. You constrict Natasha.
Natasha closely misses you.
You barely miss Natasha.
You constrict Natasha, but do no damage.
Natasha claws you but does no damage.
You barely miss Natasha. You constrict Natasha. Natasha claws you!
* * * LOW HITPOINT WARNING * * *
HP[-8]
You take 8 damage, and now have 6/21 hp.
MASSIVE DAMAGE!! (PAUSE)
You hit Natasha but do no damage.
You constrict Natasha, but do no damage.
Natasha casts a spell at you. The magic dart hits you.
* * * LOW HITPOINT WARNING * * *
HP[-4]
You take 4 damage, and now have 2/21 hp.
You hit Natasha. You constrict Natasha. Natasha claws you.
You die...

Action                   || total
-------------------------++-------
Melee: Unarmed           ||    15
       Dagger            ||    33
       Constrict         ||     8
       Tentacles         ||     4
       Punch             ||     1
 Cast: Sandblast         ||     6
 Stab: Sleeping          ||     9
Armor: Skin              ||     3
Dodge: Dodged            ||    32

Levels and vault maps discovered:
D:1:      dpeg_arrival_prison, layout_rooms
D:2:      layout_loops_ring, serial_shops, nicolae_shop_waterfront,
          nicolae_lakefront_shop, nicolae_shop_trees, nicolae_lakefront_shop,
          nicolae_shop_competitors_out_of_business, uniq_jessica, uniq_natasha

Notes
Turn   | Place    | Note
-------+----------+-------------------------------------------
     0 | D:1      | zeratav the Octopode Earth Elementalist began the quest for
                  | the Orb.
     0 | D:1      | Reached XP level 1. HP: 11/11 MP: 3/3
     0 | D:1      | magus.rc [v1.9.6]
   227 | D:1      | Reached XP level 2. HP: 13/17 MP: 0/5
   782 | D:1      | Reached XP level 3. HP: 21/21 MP: 6/6
   792 | D:2      | Noticed Natasha
   792 | D:2      | Found Veisevuzul's Distillery.
   800 | D:2      | HP: 2/21 [Natasha/magic dart (4)]
   801 | D:2      | Slain by Natasha

Vanquished Creatures
  A dart slug (D:1)
  2 bats (D:1)
  2 endoplasms (D:1)
  A giant cockroach (D:1)
  2 goblins (D:1)
  A hobgoblin (D:1)
  2 quokkas (D:1)
  3 ball pythons (D:1)
  A frilled lizard (D:1)
  2 kobolds (D:1)
  3 rats (D:1)
20 creatures vanquished.

Table legend:
 A = Non-vault XP
 B = Vault XP
 C = Vault XP percentage of total XP
 D = Non-vault monster count
 E = Vault monster count
 F = Vault count percentage of total count
                 A         B        C        D         E       F
            +---------+---------+-------+---------+---------+-------
      Total |      31 |       4 |  11.4 |      17 |       3 |  15.0
            +---------+---------+-------+---------+---------+-------
        D:1 |      31 |       4 |  11.4 |      17 |       3 |  15.0
            +---------+---------+-------+---------+---------+-------

Illustrated notes

Table legend:
 A = Kills in this place as a percentage of kills in entire the game.
 B = Kills by you in this place as a percentage of kills by you in the entire game.
 C = Kills by friends in this place as a percentage of kills by friends in the entire game.
 D = Other kills in this place as a percentage of other kills in the entire game.
 E = Experience gained in this place as a percentage of experience gained in the entire game.
 F = Experience gained in this place divided by the number of levels of this place that you have seen.
                   A       B       C       D       E      F
               +-------+-------+-------+-------+-------+----------------------
         Total | 100.0 | 100.0 |   N/A |   N/A | 100.0 |  17.5
       Dungeon | 100.0 | 100.0 |   N/A |   N/A | 100.0 |  17.5
               +-------+-------+-------+-------+-------+----------------------

Table legend: (Time is in decaauts)
 A = Elapsed time spent in this place.
 B = Non-inter-level travel time spent in this place.
 C = Inter-level travel time spent in this place.
 D = Time resting spent in this place.
 E = Time spent auto-exploring this place.
 F = Levels seen in this place.
 G = Mean time per level.
                   A        B        C        D        E       F      G
               +--------+--------+--------+--------+--------+-----+--------+
         Total |    800 |    790 |     10 |     84 |    536 |   2 |  400.0 |
       Dungeon |    800 |    790 |     10 |     84 |    536 |   2 |  400.0 |
               +--------+--------+--------+--------+--------+-----+--------+

Top non-repeatable levels by time:
     D:1: 791 daAuts
     D:2: 8 daAuts
